 Dungeon Crawl Stone Soup version 0.25.0-9-g26727b657a (webtiles) character file.

Game seed: 14811326844448239465

121 MisterFreud the Shield-Bearer (level 5, -1/46 HPs)
             Began as a Hill Orc Fighter on June 20, 2020.
             Killed by divine providence
             ... invoked by an orc priest
              (11 damage)
             ... on level 4 of the Dungeon.
             The game lasted 00:04:59 (2672 turns).

MisterFreud the Shield-Bearer (Hill Orc Fighter)    Turns: 2672, Time: 00:04:59

Health: -1/46      AC:  8    Str: 20    XL:     5   Next: 5%
Magic:  5/5        EV:  2    Int:  8    God:
Gold:   149        SH:  0    Dex: -11 (10)Spells: 4/4 levels left

rFire    . . .     SeeInvis .   a - +0 war axe
rCold    + . .     Gourm    .   c - +0 kite shield
rNeg     + . .     Faith    .   b - +0 scale mail
rPois    .         Spirit   .   o - +0 helmet
rElec    .         Reflect  .   (no cloak)
rCorr    .         Harm     .   (no gloves)
MR       .....                  (no boots)
Stlth    ..........             n - amulet of regeneration
HPRegen  0.55/turn              l - ring of protection from cold
MPRegen  0.09/turn              m - ring of positive energy

@: slowed, lost dexterity, very slow
A: no striking features
a: Convert to Beogh


You were on level 4 of the Dungeon.
You were hungry.

You visited 2 branches of the dungeon, and saw 5 of its levels.

You collected 149 gold pieces.

Inventory:

Hand Weapons
 a - a +0 war axe (weapon)
Armour
 b - a +0 scale mail (worn)
 c - a +0 kite shield (worn)
 o - a +0 helmet (worn)
Jewellery
 k - an uncursed ring of wizardry
 l - a ring of protection from cold (left hand)
 m - a ring of positive energy (right hand)
 n - an amulet of regeneration (around neck)
Scrolls
 e - a scroll of teleportation {unknown}
 g - 4 scrolls of identify
 h - 3 scrolls of remove curse {unknown}
 p - 2 scrolls of amnesia {unknown}
Potions
 d - a potion of mutation {unknown}
 i - a potion of degeneration
Comestibles
 f - 5 rations


   Skills:
 + Level 4.1 Fighting
 * Level 4.1 Axes
 * Level 4.2 Armour
 * Level 4.3 Shields


You had 4 spell levels left.
You didn't know any spells.
Your spell library was empty.

Dungeon Overview and Level Annotations

Branches:
Dungeon (4/15)             Temple (1/1) D:4

Altars:
Ashenzari
Cheibriados
Dithmenos
Gozag
Hepliaklqana
Makhleb
Okawaru
Sif Muna
Trog
Uskayaw
Wu Jian
Xom
Zin
The Shining One


Message History

You resist with some effort.
The orc priest hits you but does no damage.
Your shield and scale mail prevent you from hitting the orc priest.
You closely miss the orc priest. You miss the orc wizard.
You feel less confused.
The orc wizard hits you with a cursed -3 dagger.
The orc priest shouts, "Join the one true god or die!"
The orc priest hits you. The orc priest completely misses you.
The orc priest hits you but does no damage.
The orc wizard hits you but does no damage.
The orc priest hits you with a +0 hand axe.
The orc priest calls down the wrath of Beogh upon you.
Beogh smites you!
* * * LOW HITPOINT WARNING * * *
The orc wizard points at you and mumbles some strange words.
The magic dart hits you.
* * * LOW HITPOINT WARNING * * *
The orc priest mumbles some strange prayers to Beogh against you.
Beogh smites you!
You die...

.#####..<......##..#.#
#...####......#.# #.#.#
##.......# ####...#
####.#### ##......######
#.# ######
#.PPP........###.# #... .
#.PP>P.##.....##.###.####
##.PPPP..#.##..##........#
#........@.....######.##..
#.##.......o.....# #.####
.. #.#####oo...#.# #.....
.. #. ###......# ###### .
#. #........# #.
#.#..#.#.# #.#........
.....###..## .....## ...


You could see 2 orc priests and an orc wizard.

Vanquished Creatures
  A quasit (D:3)
  3 adders
  2 oozes
  A worm (D:3)
  3 dart slugs
  An orc (D:3)
  5 giant cockroaches
  2 hobgoblins
  2 jackals (D:1)
  2 ball pythons
  3 bats
  5 frilled lizards
  2 goblins
  9 kobolds
  5 rats
46 creatures vanquished.

Notes
Turn   | Place    | Note
-------+----------+-------------------------------------------
     0 | D:1      | MisterFreud the Hill Orc Fighter began the quest for the
                  | Orb.
     0 | D:1      | Reached XP level 1. HP: 19/19 MP: 1/1
   303 | D:1      | Reached XP level 2. HP: 27/27 MP: 2/2
   810 | D:2      | Reached XP level 3. HP: 33/33 MP: 3/3
  1030 | D:2      | Found a glowing silver altar of Zin.
  1552 | D:3      | Reached XP level 4. HP: 40/40 MP: 4/4
  2039 | D:4      | Lost dexterity.
  2088 | D:4      | Found a staircase to the Ecumenical Temple.
  2117 | D:3      | Reached XP level 5. HP: 46/46 MP: 5/5
  2461 | Temple   | Entered the Ecumenical Temple
  2668 | D:4      | HP: 1/46 [orc priest/divine providence (12)]
  2672 | D:4      | Killed from afar by an orc priest

Illustrated notes

Levels and vault maps discovered:
D:1:      nzn_arrival_crosshair, layout_loops_ring, minmay_tall_x
D:2:      layout_basic, zin_academy, first_ration
D:3:      layout_rooms, minmay_misc_feat_square
D:4:      layout_loops_cross, minmay_temple_entry_overgrown
Temple:   nicolae_temple_figure_eight

Skill      XL: |  1  2  3  4 |
---------------+-------------+-----
Axes           | 3 4 |  4.1
Shields        | 4 |  4.3
Fighting       | 4 |  4.1
Armour         | 4 |  4.2

Action                   |  1- 3 |  4- 6 || total
-------------------------+-------+-------++-------
Melee: War axe           |   102 |    94 ||   196
       Unarmed           |       |    19 ||    19
  Use: Scroll            |       |     3 ||     3
       Potion            |       |     3 ||     3
  Eat: Chunk             |     2 |     1 ||     3
       Ration            |       |     1 ||     1
Armor: Scale mail        |    55 |   277 ||   332
       Skin              |       |   113 ||   113
Dodge: Dodged            |    36 |   120 ||   156
Block: Kite shield       |    39 |    89 ||   128
